 Dungeon Crawl Stone Soup version 0.17-a0-2069-g0f4ee5b (webtiles) character file.

98 pk666 the Skirmisher (level 4, -8/41 HPs)
             Began as a Minotaur Fighter on Oct 13, 2015.
             Mangled by a gnoll
             ... wielding a +1 spear of chaos
              (16 damage)
             ... on level 2 of the Dungeon.
             The game lasted 00:03:04 (1343 turns).

pk666 the Skirmisher (Minotaur Fighter)             Turns: 1343, Time: 00:03:06

Health: -8/41      AC:  7    Str: 20    XL:     4   Next: 43%
Magic:  2/3        EV:  7    Int:  5    God:
Gold:   86         SH:  9    Dex: 11    Spells: 0 memorised, 3 levels left

rFire  . . .     SeeInvis .     a - +0 war axe
rCold  . . .     Clarity  .     b - +0 scale mail
rNeg   . . .     SustAt   +     c - +0 shield
rPois  .         Gourm    .     (helmet restricted)
rElec  .         Spirit   .     (no cloak)
rCorr  .         Warding  .     (no gloves)
rMut   .         Stasis   .     (no boots)
MR     .....                    (no amulet)
Stlth  ..........               (no ring)
                                m - ring of sustain attributes

@: exhausted, slowed, very slow, not resistant to hostile enchantments,
extremely unstealthy
A: retaliatory headbutt, horns 2
a: no special abilities


You were on level 2 of the Dungeon.
You were not hungry.

You visited 1 branch of the dungeon, and saw 2 of its levels.

You collected 86 gold pieces.

Inventory:

Hand Weapons
 a - a +0 war axe (weapon)
Armour
 b - a +0 scale mail (worn)
 c - a +0 shield (worn)
Jewellery
 m - a ring of sustain attributes (left hand)
Scrolls
 e - a scroll of magic mapping {unknown}
 f - 2 scrolls of enchant weapon {unknown}
 g - 3 scrolls of identify {unknown}
 i - a scroll of fear {unknown}
 j - a scroll of amnesia {unknown}
 k - a scroll of random uselessness {unknown}
Potions
 d - a potion of might
Comestibles
 h - a chunk of flesh
 l - a slice of pizza
 x - a bread ration


   Skills:
 + Level 4.9 Fighting
 + Level 3.4 Axes
 + Level 4.7 Armour
 - Level 3.6 Shields


You had 3 spell levels left.
You didn't know any spells.

Dungeon Overview and Level Annotations

Branches:
Dungeon (2/15)

Altars:
Yredelemnul

Annotations:
D:2 1 runed door


Innate Abilities, Weirdness & Mutations

You reflexively headbutt those who attack you in melee.
You have a pair of horns on your head.


Message History

You block the gnoll's attack. The gnoll hits you but does no damage.
The gnoll hits you but does no damage.
You hit the gnoll.
The gnoll is lightly wounded.
The gnoll hits you with a dagger of chaos.
You feel as though you will be slow longer.
The gnoll hits you from afar with a spear of chaos.
You feel your power leaking away.
The gnoll hits you with a dagger of chaos.
* * * LOW HITPOINT WARNING * * *
The gnoll freezes you.
* * * LOW HITPOINT WARNING * * *
The gnoll hits you but does no damage.
You closely miss the gnoll.
The gnoll is lightly wounded.
You block the gnoll's attack.
The gnoll hits you from afar with a spear of chaos.
* * * LOW HITPOINT WARNING * * *
You are electrocuted!
You die...

.......# # .. .## #.
......## ⌠# ###. ≈. ..#
......# #≈#... ≈# .≈.#
......# ≈#≈.... .##.⌠##
####+####..#.... .#..≈..
........##..≈..g#g≈#.#!#
.....>##.# #ggg.###
...##.##.# #g######
#..##.##.# #@####.#
...##.##.# #......#
..<##)##.# ######.#
...##.##.# #.#
...##.##.# #.#
#+###.##.# #.# #.#
#.##.# #.# #.# #.##.#
#.# #.###.##.##### #.#


You could see 5 gnolls.

Vanquished Creatures
  A human zombie (D:2)
  An adder (D:2)
  A worm (D:2)
  A giant gecko (D:1)
  2 ball pythons
  4 bats (D:1)
  9 hobgoblins
  3 jackals (D:1)
  2 giant cockroaches
  3 giant newts (D:1)
  10 goblins
  A goblin skeleton (D:2)
  4 kobolds
  A kobold zombie (D:2)
  3 quokkas (D:2)
  6 rats
52 creatures vanquished.

Notes
Turn   | Place    | Note
--------------------------------------------------------------
     0 | D:1      | pk666 the Minotaur Fighter began the quest for the Orb.
     0 | D:1      | Reached XP level 1. HP: 19/19 MP: 0/0
   140 | D:1      | Reached XP level 2. HP: 27/27 MP: 1/1
   150 | D:1      | Reached skill level 4 in Fighting
   410 | D:1      | Reached XP level 3. HP: 33/33 MP: 2/2
   699 | D:2      | Found a runed door.
   700 | D:2      | Noticed a human
   701 | D:2      | Found a basalt altar of Yredelemnul.
   719 | D:2      | Reached XP level 4. HP: 24/41 MP: 3/3
  1343 | D:2      | Mangled by a gnoll

Vault maps used:
D:1:      tarquinn_simple_flora_water_d
D:2:      tgw_xom, minivault_4, dk_noncrumbling_2, dk_yredelemnul_ordeal

Action                   |  1- 3 |  4- 6 || total
-------------------------+-------+-------++-------
Melee: War axe           |    77 |    32 ||   109
  Eat: Chunk             |       |     2 ||     2
